 Dungeon Crawl Stone Soup version 0.27-a0-1136-g0b992a5a9d (webtiles) character file.

Game seed: 9209512595029531825

2 siradein the Ducker (level 1, -1/16 HPs)
             Began as a Vampire Gladiator on May 4, 2021.
             Succumbed to a kobold's poison
             ... on level 1 of the Dungeon.
             The game lasted 00:00:22 (101 turns).

siradein the Ducker (Vampire Gladiator)              Turns: 101, Time: 00:00:23

Health: -1/16      AC:  4    Str: 13    XL:     1   Next: 25%
Magic:  1/1        EV: 12    Int: 10    God:
Gold:   0          SH:  0    Dex: 15    Spells: 0/0 levels left

rFire    . . .     SeeInvis +   a - +0 long sword
rCold    . . .     Faith    .   (no shield)
rNeg     . . .     Spirit   .   b - +0 leather armour
rPois    .         Reflect  .   c - +0 helmet
rElec    .         Harm     .   (no cloak)
rCorr    .         Rampage  .   (no gloves)
Will     .....                  (no boots)
Stlth    +.........             (no amulet)
HPRegen  0.25/turn              (no ring)
MPRegen  0.07/turn              (no ring)

@: lethally poisoned (-1 -> -8), healing quickly
A: alive, fangs 3, see invisible, unbreathing 1, vampiric 1
a: Exsanguinate


You were on level 1 of the Dungeon.
You visited 1 branch of the dungeon, and saw 1 of its levels.

Inventory:

Hand Weapons
 a - a +0 long sword (weapon)
Missiles
 d - 3 throwing nets (quivered)
Armour
 b - a +0 leather armour (worn)
 c - a +0 helmet (worn)


   Skills:
 - Level 1.7 Fighting
 + Level 3.1 Long Blades
 - Level 1.5 Throwing
 - Level 3.2 Dodging


You couldn't memorise any spells.
You didn't know any spells.
Your spell library was empty.

Dungeon Overview and Level Annotations

Branches:
Dungeon (1/15)

Altars:

Shops:
D:1 (


Innate Abilities, Weirdness & Mutations

Your natural rate of healing is accelerated.
You have razor-sharp teeth.
You have supernaturally acute eyesight. (SInv)
You can survive without breathing.
You are afflicted with vampirism.


Message History

You see here a +0 spear.
You see here a +0 spear.
A giant cockroach comes into view.
You barely miss the giant cockroach. The giant cockroach closely misses you.
You riposte.
You slash the giant cockroach!
You kill the giant cockroach!
No target in view!
No target in view!
You open the door.
A kobold comes into view. It is wielding a +0 dagger of venom.
Found a scroll labelled ZEYRER GIPRABLIHI.
A kobold is nearby!
A kobold is nearby!
A kobold is nearby!
A kobold is nearby!
There is an open door here.
The kobold shouts!
The kobold hits you but does no damage.
You are poisoned.
You closely miss the kobold.
You feel very sick. The kobold hits you but does no damage.
You barely miss the kobold. Your bite misses the kobold.
You feel sick.
The kobold hits you with a +0 dagger of venom.
You are lethally poisoned!
Your leather armour prevents you from hitting the kobold.
You bite the kobold.
You kill the kobold!
You feel very sick.
You are too injured to fight recklessly!
You are too injured to fight recklessly!
* * * LOW HITPOINT WARNING * * *
You feel very sick.
Found Qoru's Weapon Shoppe.
Things that are here:
a +0 dagger of venom; 4 stones
* * * LOW HITPOINT WARNING * * *
You feel sick.
There is a lethal amount of poison in your body!
You die...

#.# #.####### ##........
#......... #.#.#.....
##### #......... #.?.#
###.#.#.....
######...####.......##.#
+.....)@.'..............
∩.♣####...####.....######
##### ####### # #


There were no monsters in sight!

Vanquished Creatures
  A giant cockroach (D:1)
  A kobold (D:1)
2 creatures vanquished.

Notes
Turn   | Place    | Note
-------+----------+-------------------------------------------
     0 | D:1      | siradein the Vampire Gladiator began the quest for the Orb.
     0 | D:1      | Reached XP level 1. HP: 16/16 MP: 1/1
    99 | D:1      | Found Qoru's Weapon Shoppe.
   101 | D:1      | Succumbed to a kobold's poison

Illustrated notes

Levels and vault maps discovered:
D:1:      lemuel_arrival_tunnels, layout_basic,
          shapermc_ecumenical_altar_totnotflames, serial_glass, glass_columns_a,
          glass_columns_b, glass_columns_c, glass_columns_c, glass_columns_a,
          glass_columns_a, serial_shops, nicolae_shop_trees

Action                   || total
-------------------------++-------
Melee: Long sword        ||     4
       Bite              ||     1
Armor: Leather armour    ||     2
Dodge: Dodged            ||     1
       Rpst.: Long sword ||     1

Table legend: (Time is in decaauts)
 A = Elapsed time spent in this place.
 B = Non-inter-level travel time spent in this place.
 C = Inter-level travel time spent in this place.
 D = Time resting spent in this place.
 E = Time spent auto-exploring this place.
 F = Levels seen in this place.
 G = Mean time per level.
                   A        B        C        D        E       F      G
               +--------+--------+--------+--------+--------+-----+--------+
         Total |    102 |    102 |      0 |      0 |     86 |   1 |  102.0 |
       Dungeon |    102 |    102 |      0 |      0 |     86 |   1 |  102.0 |
               +--------+--------+--------+--------+--------+-----+--------+

Top non-repeatable levels by time:
     D:1: 102 daAuts
